 Dungeon Crawl Stone Soup version 0.20.0-15-g7f486f2 (webtiles) character file.

1861 grindst0ne the Covert (level 9, 0/94 HPs)
             Began as an Octopode Assassin on June 11, 2017.
             Was a Believer of Dithmenos.
             Succumbed to a killer bee's poison
             ... on level 6 of the Dungeon.
             The game lasted 00:27:25 (9312 turns).

grindst0ne the Covert (Octopode Assassin)           Turns: 9312, Time: 00:27:25

Health: 0/94       AC:  1    Str: 15    XL:     9   Next: 13%
Magic:  3/3        EV: 14    Int: 13    God:    Dithmenos [**....]
Gold:   270        SH:  0    Dex: 17    Spells: 2/8 levels left

rFire    . . .     SeeInvis .   a - +1 dagger (antimagic)
rCold    . . .     Gourm    .   (no shield)
rNeg     . . .     Faith    .   (helmet restricted)
rPois    .         Spirit   .   d - amulet of rage
rElec    .         Reflect  .   (no ring)
rCorr    .         Harm     .   (no ring)
MR       .....                  (no ring)
Stlth    ..........             (no ring)
Regen    0.3/turn               (no ring)
MPRegen  0.1/turn               (no ring)
                                (no ring)
                                (no ring)

@: berserking, lethally poisoned (0 -> -12), starving, wreathed by umbra, very
quick
A: almost no armour, stealthy swim, amphibious, 8 rings, constrict 8, tentacle
spike 1, camouflage 1, sense surroundings 1, robust 1, gelatinous body 1
a: Shadow Step, Renounce Religion, Evoke Berserk Rage


You were on level 6 of the Dungeon.
You worshipped Dithmenos.
Dithmenos was pleased with you.
You were starving.

You visited 2 branches of the dungeon, and saw 8 of its levels.

You collected 270 gold pieces.

Inventory:

Hand Weapons
 a - a +1 antimagic dagger (weapon)
 b - a +0 blowgun
 m - a +2 dagger
Missiles
 c - 50 poisoned needles
Jewellery
 d - an amulet of rage (around mantle)
Wands
 r - a wand of paralysis (15/24)
 v - a wand of scattershot (3/9)
 y - a wand of confusion (20/48)
Scrolls
 e - a scroll of fog
 g - a scroll of enchant weapon
 h - a scroll of enchant armour
 i - 4 scrolls of remove curse
 p - 3 scrolls of amnesia
 A - a scroll of magic mapping
Potions
 x - 2 potions of mutation
 z - 2 potions of brilliance
Books
 q - a book of Conjurations

   Spells                             Type                      Level
   a - Magic Dart                     Conjuration                  1
   b - Searing Ray                    Conjuration                  2
   c - Dazzling Spray                 Conjuration/Hexes            3
   d - Fulminant Prism                Conjuration/Hexes            4
   e - Force Lance                    Conjuration/Translocation    4
   f - Iskenderun's Mystic Blast      Conjuration                  4
Comestibles
 f - 3 bread rations
 k - 5 royal jellies
 n - 6 meat rations


   Skills:
 + Level 3.9 Fighting
 + Level 3.6 Short Blades
 - Level 2.0 Throwing
 - Level 2.0 Dodging
 - Level 14.2 Stealth
 + Level 3.2 Evocations


You had 2 spell levels left.
You knew the following spells:

 Your Spells              Type           Power        Failure   Level  Hunger
a - Dazzling Spray        Conj/Hex       #.....       67%         3    ####...
b - Searing Ray           Conj           #.....       43%         2    ###....
c - Magic Dart            Conj           #...         30%         1    ##.....


Dungeon Overview and Level Annotations

Branches:
Dungeon (7/15)             Temple (1/1) D:4

Altars:
Ashenzari
Cheibriados
Dithmenos
Elyvilon
Gozag
Hepliaklqana
Kikubaaqudgha
Nemelex Xobeh
Okawaru
Qazlal
Ru
Sif Muna
Uskayaw
Xom
Yredelemnul
Zin
The Shining One

Annotations:
D:3 exclusion: downstairs
D:4 exclusion: downstairs
D:5 exclusion: downstairs
D:6 exclusion: downstairs, Gorglomux's ghost, novice GrAE


Innate Abilities, Weirdness & Mutations

You cannot wear most types of armour.
You are very stealthy in the water. (Stealth+)
You are amphibious.
You can wear up to eight rings at the same time.
You can use your tentacles to constrict eight enemies at once.
Your skin changes colour to match your surroundings (Stealth+).
Your rubbery body absorbs attacks. (AC +1, EV +1)
One of your tentacles bears a spike.
You passively map a small area around you.
You are robust. (+10% HP)


Message History

Your squeeze misses the killer bee.
The killer bee is heavily wounded.
You feel sick. The killer bee completely misses you.
You hit the killer bee. Your grab misses the killer bee.
You pierce the killer bee.
You kill the killer bee!
Dithmenos accepts your kill.
You puncture the killer bee! Your grab misses the killer bee.
Your tentacle spike misses the killer bee.
The killer bee is heavily wounded.
You feel sick. The killer bee stings you!
* * * LOW HITPOINT WARNING * * *
You are more poisoned.
The killer bee poisons you!
You are too berserk!
You hit the killer bee. Your grab misses the killer bee.
Your tentacle spike misses the killer bee.
Your squeeze misses the killer bee.
The killer bee is almost dead.
You die...

#.........# #.#§§..#
#####.........###§#§####
..............'[§§§§#
.####.........##§§§§#
.####.........##§§###
.##.......######§§#
###.####..#....§§.#
###+####..#.####y##
...(........# #@#
..........### #.#
..........# #.#
.........[# #.#
..........## #.#
...........# #.#
.........#.## #.#
.#########..# #.####
.......# ##.# #....#


You could see a killer bee.

Vanquished Creatures
  Duvessa (D:5)
  An ice beast (D:5)
  5 ogres
  A bullfrog (D:6)
  Dowan (D:5)
  A scorpion (D:5)
  4 killer bees
  A centaur zombie (D:5)
  A jelly (D:6)
  7 hounds
  3 orc priests
  4 orc wizards
  2 iguanas (D:5)
  A worker ant (D:6)
  Natasha (thrice) (D:4 D:6)
  8 adders
  4 gnolls
  A howler monkey skeleton (D:6)
  2 oozes
  An adder skeleton (D:7)
  An adder zombie (D:6)
  A worm (D:4)
  4 dart slugs
  6 leopard geckos
  23 orcs
  8 bats
  4 giant cockroaches
  14 goblins
  8 hobgoblins
  5 jackals
  3 quokkas
  4 frilled lizards
  A giant cockroach zombie (D:6)
  2 jackal zombies
  9 kobolds
  4 rats
149 creatures vanquished.

Notes
Turn   | Place    | Note
-------+----------+-------------------------------------------
     0 | D:1      | grindst0ne the Octopode Assassin began the quest for the Orb.
     0 | D:1      | Reached XP level 1. HP: 14/14 MP: 1/1
   137 | D:1      | Reached skill level 6 in Stealth
   137 | D:1      | Reached XP level 2. HP: 10/19 MP: 2/2
   515 | D:1      | Reached XP level 3. HP: 24/24 MP: 3/3
   808 | D:2      | Reached skill level 7 in Stealth
  1093 | D:2      | Found a faded altar of an unknown god.
  1260 | D:2      | Reached XP level 4. HP: 29/29 MP: 4/4
  1468 | D:2      | Found a basalt altar of Yredelemnul.
  1514 | D:3      | Reached skill level 8 in Stealth
  1624 | D:3      | Reached XP level 5. HP: 16/34 MP: 5/5
  1830 | D:3      | Noticed a phantom
  2136 | D:3      | Reached skill level 9 in Stealth
  2962 | D:4      | Found a sacrificial altar of Ru.
  3004 | D:4      | Noticed Natasha
  3022 | D:4      | Killed Natasha
  3022 | D:4      | Reached XP level 6. HP: 34/39 MP: 6/6
  3054 | D:4      | Reached skill level 10 in Stealth
  3427 | D:4      | Found a staircase to the Ecumenical Temple.
  3455 | D:4      | Reached skill level 11 in Stealth
  3455 | D:4      | Reached XP level 7. HP: 9/45 MP: 7/7
  3734 | D:5      | Entered Level 5 of the Dungeon
  4480 | D:4      | Reached skill level 12 in Stealth
  4510 | Temple   | Entered the Ecumenical Temple
  4588 | Temple   | Became a worshipper of Dithmenos the Shadowed
  5049 | D:4      | Found a hazy altar of Hepliaklqana.
  5229 | D:5      | Found an iron altar of Okawaru.
  5286 | D:5      | Noticed Duvessa
  5286 | D:5      | Noticed Dowan
  5374 | D:5      | Reached skill level 13 in Stealth
  5374 | D:5      | Reached XP level 8. HP: 50/50 MP: 8/8
  5426 | D:5      | Reached * piety under Dithmenos
  5510 | D:5      | Killed Duvessa
  5520 | D:5      | Gained mutation: One of your tentacles bears a spike. [potion of mutation]
  5520 | D:5      | Gained mutation: You are robust. (+10% HP) [potion of mutation]
  5520 | D:5      | Gained mutation: You passively map a small area around you. [potion of mutation]
  5529 | D:5      | Killed Dowan
  5960 | D:5      | Found a glowing golden altar of the Shining One.
  5971 | D:5      | Reached skill level 14 in Stealth
  6320 | D:6      | Found a glowing golden altar of the Shining One.
  6367 | D:6      | Found a shimmering altar of Xom.
  6588 | D:6      | Found a white marble altar of Elyvilon.
  6620 | D:6      | Noticed Gorglomux's ghost (novice GrAE)
  7529 | D:6      | Reached skill level 1 in Evocations
  8316 | D:7      | Noticed Natasha
  8332 | D:6      | Killed Natasha
  8462 | D:6      | Reached XP level 9. HP: 47/62 MP: 3/10
  8468 | D:6      | Reached ** piety under Dithmenos
  8715 | D:7      | Noticed a two-headed ogre
  9155 | D:5      | Learned a level 3 spell: Dazzling Spray
  9158 | D:5      | Learned a level 2 spell: Searing Ray
  9160 | D:5      | Learned a level 1 spell: Magic Dart
  9167 | D:6      | Noticed Natasha
  9180 | D:6      | Killed Natasha
  9311 | D:6      | HP: 1/94 [killer bee (8)]
  9312 | D:6      | Succumbed to a killer bee's poison

Skill      XL: |  1  2  3  4  5  6  7  8  9 |
---------------+----------------------------+-----
Stealth        | 6 7 8 9 11 13 14 | 14.2
Evocations     | 2 3 |  3.2
Dodging        | 2 |  2.0
Fighting       | 3 |  3.9
Short Blades   | 3 |  3.6
Throwing       | |  2.0

Action                   |  1- 3 |  4- 6 |  7- 9 || total
-------------------------+-------+-------+-------++-------
Melee: Dagger            |    55 |    91 |   204 ||   350
       Constrict         |    11 |    19 |    39 ||    69
       Tentacles         |     5 |    21 |    37 ||    63
       Kick              |       |       |    44 ||    44
 Fire: Blowgun           |     3 |    12 |    24 ||    39
 Abil: Evoke Berserk Rag |       |       |     3 ||     3
Evoke: Wand              |       |       |     4 ||     4
  Use: Potion            |       |     2 |     1 ||     3
       Scroll            |       |       |    16 ||    16
 Stab: Sleeping          |    17 |    14 |    14 ||    45
       Paralysed         |       |       |     1 ||     1
       Distracted        |       |       |     1 ||     1
  Eat: Chunk             |     1 |     6 |    11 ||    18
       Bread ration      |       |       |     2 ||     2
Armor: Skin              |     8 |     3 |     8 ||    19
Dodge: Dodged            |    39 |    33 |   151 ||   223
